 Dungeon Crawl Stone Soup version 0.30.0 (webtiles) character file.

Game seed: 1305090558533537885

456 Mahakala the Cudgeller (level 7, -1/44 HPs)
             Began as a Gargoyle Fighter on May 6, 2023.
             Slain by an iguana (7 damage)
             ... on level 4 of the Dungeon.
             The game lasted 00:11:41 (3583 turns).

Mahakala the Cudgeller (Gargoyle Fighter)           Turns: 3583, Time: 00:11:42

Health: -1/44      AC: 13    Str: 22    XL:     7   Next: 6%
Magic:  7/7        EV:  9    Int:  8    God:
Gold:   322        SH:  4    Dex:  9    Spells: 6/6 levels left

rFire   . . .        a - +0 flail
rCold   . . .        c - +0 buckler
rNeg    + . .        b - +0 scale mail
rPois   ∞            (no helmet)
rElec   +            (no cloak)
rCorr   .            (no gloves)
SInv    .            x - +0 pair of boots
Will    .....        (no amulet) Stlth
                     (no ring)
HPRegen 0.27/turn    (no ring)
MPRegen 0.10/turn

%: no passive effects
@: no status effects
A: sickness immunity, AC +4, negative energy resistance 1, electricity
resistance, torment resistance 1, petrification resistance
a: no special abilities


You were on level 4 of the Dungeon.
You visited 1 branch of the dungeon, and saw 4 of its levels.

You collected 322 gold pieces.

Inventory:

Hand Weapons
 a - a +0 flail (weapon)
Missiles
 g - 30 stones
 k - 4 poisoned darts (quivered)
 r - 3 boomerangs
 t - 5 curare-tipped darts {!f}
Armour
 b - a +0 scale mail (worn)
 c - a +0 buckler (worn)
 x - a +0 pair of boots (worn)
Wands
 u - a wand of paralysis (8)
Scrolls
 e - a scroll of noise {unknown}
 h - a scroll of torment {unknown}
 i - 2 scrolls of blinking
 j - a scroll of fear
 l - a scroll of enchant armour {unknown}
 q - a scroll of immolation {unknown}
 s - a scroll of enchant weapon {unknown}
 y - a scroll of magic mapping {unknown}
Potions
 d - a potion of might
 f - 3 potions of mutation {!q}
 m - a potion of heal wounds {@q2}
 n - 2 potions of attraction {!q}
 o - 5 potions of flight
 p - a potion of invisibility {unknown}
 v - 3 potions of curing {unknown}
 w - 2 potions of lignification {unknown}
 z - a potion of haste {@q3}


   Skills:
 + Level 4.9 Fighting
 * Level 5.1 Maces & Flails
 + Level 4.9 Armour
 - Level 4.0 Shields


You had 6 spell levels left.
You didn't know any spells.
Your spell library contained the following spells:

 Spells                   Type           Power      Damage    Failure   Level
 Slow                     Hex            0%         N/A       78%         1
 Poisonous Vapours        Pois/Air       0%         N/A       89%         2
 Confusing Touch          Hex            0%         N/A       98%         3
 Inner Flame              Hex/Fire       0%         N/A       98%         3
 Mephitic Cloud           Conj/Pois/Air  0%         N/A       98%         3
 Vampiric Draining        Necr           0%         2d6       98%         3
 Freezing Cloud           Conj/Ice/Air   0%         6-21      100%        5
 Enfeeble                 Hex            0%         N/A       100%        7


Dungeon Overview and Level Annotations

Branches:
Dungeon (4/15)
 Temple: D:4-7

Altars:
Cheibriados
Hepliaklqana
Xom

Annotations:
D:3 2 runed translucent doors


Innate Abilities, Weirdness & Mutations

You are immune to sickness and miasma.
Your stone body is resilient. (AC +4)
You are immune to poison.
You resist negative energy. (rN+)
You are resistant to electric shocks. (rElec)
You are resistant to unholy torment.
You are immune to petrification.


Message History

There are monsters nearby!
You hit the sleepcap but do no damage.
The sleepcap releases spores at you but does no damage.
The sleepcap barely misses you.
You hit the sleepcap but do no damage.
The sleepcap releases spores at you but does no damage.
You sock the sleepcap!
The sleepcap is heavily damaged.
The sleepcap releases spores at you.
You sock the sleepcap!
The sleepcap is almost destroyed.
The sleepcap barely misses you.
You thump the sleepcap!
You destroy the sleepcap!
The iguana barely misses you.
You have reached level 7!
You closely miss the iguana. The iguana bites you!
You hit the iguana but do no damage. The iguana barely misses you.
You closely miss the iguana. The iguana closely misses you.
You hit the iguana but do no damage. The iguana bites you. x2
You hit the iguana but do no damage. The iguana bites you.
You hit the iguana but do no damage. You block the iguana's attack.
You hit the iguana but do no damage. The iguana bites you!
* * * LOW HITPOINT WARNING * * *
You hit the iguana.
The iguana is moderately wounded.
The iguana bites you.
* * * LOW HITPOINT WARNING * * *
You hit the iguana but do no damage.
The iguana is moderately wounded.
The iguana bites you but does no damage.
The iguana bites you.
* * * LOW HITPOINT WARNING * * *
You closely miss the iguana.
The iguana is moderately wounded.
The iguana closely misses you.
You hit the iguana but do no damage.
The iguana is moderately wounded.
The iguana bites you!
You die...

......########...
.####.##.....#.#
.)
.##.............
.. .............#
.. ########.....#
.# #.....# .#
###.### .#
#.########.#####.
#......@l........
#.....>.###.#.....
.........#.# .#
### ####.###.#.#
h# #. #.#.# .. #.
#.#.# .. #. #.#.#
.#. #.##.#.# .#.
#.#


You could see an iguana.

Vanquished Creatures
  An ogre (D:4)
  A howler monkey (D:4)
  A hound (D:4)
  An orc priest (D:3)
  A sleepcap (D:4)
  An iguana (D:3)
  2 orc wizards (D:3)
  7 adders
  A white imp (D:4)
  2 worms
  3 dart slugs (D:1)
  4 orcs
  6 bats
  3 endoplasms
  4 giant cockroaches
  6 goblins
  9 hobgoblins
  13 jackals
  2 quokkas
  8 ball pythons
  4 frilled lizards
  5 kobolds
  8 rats
93 creatures vanquished.

Vanquished Creatures (others)
  7 fungi (D:1)
  A plant (D:4)
  4 toadstools (D:1)
12 creatures vanquished.

Grand Total: 105 creatures vanquished

Notes
Turn   | Place    | Note
-------+----------+-------------------------------------------
     0 | D:1      | Mahakala the Gargoyle Fighter began the quest for the Orb.
     0 | D:1      | Reached XP level 1. HP: 14/14 MP: 1/1
   196 | D:1      | Reached XP level 2. HP: 19/19 MP: 2/2
   443 | D:1      | Reached XP level 3. HP: 23/23 MP: 3/3
  1278 | D:2      | Reached XP level 4. HP: 29/29 MP: 4/4
  1448 | D:2      | Reached skill level 3 in Maces & Flails
  2346 | D:3      | Found a faded altar of an unknown god.
  2459 | D:3      | Reached XP level 5. HP: 31/33 MP: 5/5
  2790 | D:3      | Reached skill level 4 in Maces & Flails
  2816 | D:3      | Reached XP level 6. HP: 37/39 MP: 6/6
  2864 | D:3      | Got the Volume of Maleficia
  2885 | D:3      | Found a large runed translucent door.
  2889 | D:3      | Found a large runed translucent door.
  3187 | D:3      | Found a hazy altar of Hepliaklqana.
  3450 | D:4      | Found a shimmering altar of Xom.
  3475 | D:4      | Found a snail-covered altar of Cheibriados.
  3564 | D:4      | Reached skill level 5 in Maces & Flails
  3573 | D:4      | Reached XP level 7. HP: 44/44 MP: 7/7
  3583 | D:4      | Slain by an iguana

Illustrated notes

Levels and vault maps discovered:
D:1:      dpeg_arrival_lava_temple_mockup, layout_basic, minivault_5,
          minmay_gold_behind_fungi
D:2:      minmay_evil_eye, layout_basic, serial_aquarium,
          aquarium_bridge_straight [aquarium_subvault_bridge,
          aquarium_subvault_balcony, aquarium_subvault_bridge,
          aquarium_subvault_wall], aquarium_bridge_straight
          [aquarium_subvault_bridge, aquarium_subvault_wall,
          aquarium_subvault_bridge, aquarium_subvault_wall], aquarium_window_1,
          aquarium_window_2, aquarium_window_corner, aquarium_view_2c,
          aquarium_balcony_3b
D:3:      layout_basic, jmf_multi_god_temple2, nzn_hepliaklqana_mist_gate,
          basic_ecumenical_altar
D:4:      cheibrodos_old_hovel, layout_loops_ring, xom_butterflies,
          cheibriados_altar_1, minmay_temple_entry_mist

Skill      XL: |  1  2  3  4  5  6 |
---------------+-------------------+-----
Shields        | 4 |  4.0
Maces & Flails | 3 4 5 |  5.1
Fighting       | 4 |  4.9
Armour         | 4 |  4.9

Action                     |  1- 3 |  4- 6 |  7- 9 || total
---------------------------+-------+-------+-------++-------
  Melee: Flail             |   110 |   191 |    11 ||   312
  Throw: Stone             |     1 |       |       ||     1
         Dart              |       |    10 |       ||    10
    Use: Scroll            |     3 |     4 |       ||     7
 Armour: Scale mail        |    43 |   105 |     1 ||   149
  Dodge: Dodged            |    52 |    96 |     3 ||   151
  Block: Buckler           |    20 |    40 |     1 ||    61
